AoeStats
← Leão

Arabia

509112668Analyzed
1v1 RM · 7d ago on Sep 25, 2026· 45m 21s· 2 players
Game mode
Random Map
Map size
Tiny (2 player)
Population
200
Speed
Normal
Resources
Standard
Victory
Conquest
Starting age
Dark Age
Ending age
Imperial Age
RankedLock teamsTeams togetherTeam positionsShared explorationLock speedFull tech treeHidden civsTurbo modeCheats
Victory
Defeat
🇪🇸 Persians · Spain
1237
+17
🇧🇷 Varangians · Brazil
1267
-17
Zomba
7:03 Loom
9:24 Feudal Age
10:05 Double-Bit Axe
16:45 Town Watch
19:16 Castle Age
17:03 Horse Collar
17:41 Gold Mining
19:31 Fletching
20:10 Bow Saw
21:37 Bodkin Arrow
22:50 Husbandry
24:54 Ballistics
27:07 Wheelbarrow
27:34 Padded Archer Armor
28:49 Bloodlines
30:22 Thumb Ring
32:11 Hand Cart
32:18 Hand Cart
32:28 Leather Archer Armor
38:49 Imperial Age
36:54 Stone Mining
37:48 Scale Barding Armor
38:50 Parthian Tactics
39:30 Chain Barding Armor
39:41 Ring Archer Armor
40:54 Light Cavalry
42:42 Chemistry
42:21 Gold Shaft Mining
43:27 Plate Barding Armor
43:03 Forging
45:16 Hussar
Leão
7:15 Loom
9:34 Feudal Age
10:14 Double-Bit Axe
12:17 Bloodlines
12:12 Horse Collar
21:31 Castle Age
19:31 Gold Mining
20:35 Scale Barding Armor
20:41 Forging
22:22 Bow Saw
22:15 Husbandry
23:14 Iron Casting
22:54 Heavy Plow
25:08 Chain Barding Armor
28:38 Wheelbarrow
32:12 Town Watch
36:09 Fletching
41:56 Imperial Age
41:34 Stone Mining
41:40 Vendel Legacy
42:04 Cavalier
45:05 Blast Furnace
Connection lost

Rejoining the realm…

Still unreachable

The connection could not be restored.

Session expired

The server has moved on; the page needs a fresh start.